 Dungeon Crawl Stone Soup version 0.29.1-12-g30fa7ad0bf (webtiles) character file.

Game seed: 3758393790927973048

1918 LustLizard the Cleaver (level 9, -15/80 (81) HPs)
             Began as a Hill Orc Fighter on Jan 11, 2023.
             Demolished by an ogre
             ... wielding a +0 giant club
              (32 damage)
             ... on level 6 of the Dungeon.
             The game lasted 00:12:27 (6327 turns).

LustLizard the Cleaver (Hill Orc Fighter)           Turns: 6327, Time: 00:12:29

HP:   -15/80 (81)   AC: 13    Str: 23    XL:     9   Next: 16%
MP:   9/9           EV:  9    Int: 10    God:
Gold: 292           SH:  9    Dex: 10    Spells: 8/8 levels left

rFire   . . .      SeeInvis .   H - +2 mace of Putrescence {flame, Fragile rElec Int+2}
rCold   . . .      Faith    .   c - +0 buckler
rNeg    . . .      Spirit   .   b - +0 scale mail
rPois   .          Reflect  +   j - +0 helmet
rElec   +          Harm     .   D - +2 cloak {Will+}
rCorr   .          Rampage  .   e - +1 pair of gloves
Will    +....                   (no boots)
Stlth   ..........              o - amulet of reflection
HPRegen 0.23/turn               (no ring)
MPRegen 0.11/turn               (no ring)

@: lightly drained
A: no striking features
a: Convert to Beogh


You were on level 6 of the Dungeon.
You visited 1 branch of the dungeon, and saw 6 of its levels.

You collected 362 gold pieces.
You spent 70 gold pieces at shops.

Inventory:

Hand Weapons
 a - a +0 war axe
 B - a +0 dagger
 H - the +2 mace of Putrescence (weapon) {flame, Fragile rElec Int+2}
   (You found it on level 5 of the Dungeon)

   It burns those it strikes, dealing additional fire damage.
   Int:       It affects your intelligence (+2).
   rElec:     It insulates you from electricity.
   Fragile:   It will be destroyed if unequipped.
Missiles
 f - 49 stones
 r - 5 javelins
 C - 7 boomerangs (quivered)
Armour
 b - a +0 scale mail (worn)
 c - a +0 buckler (worn)
 e - a +1 pair of gloves (worn)
 j - a +0 helmet (worn)
 D - a +2 cloak of willpower (worn)
Jewellery
 o - an amulet of reflection (around neck)
Wands
 w - a wand of iceblast (9)
Scrolls
 g - a scroll of silence {unknown}
 i - 3 scrolls of noise
 k - 3 scrolls of magic mapping {unknown}
 l - a scroll of butterflies {unknown}
 m - a scroll of enchant armour {unknown}
 p - 2 scrolls of teleportation {unknown}
 s - a scroll of blinking {unknown}
 u - a scroll of amnesia {unknown}
 y - 2 scrolls of identify {unknown}
 F - a scroll of fear {unknown}
Potions
 d - a potion of might
 h - 3 potions of mutation {unknown}
 n - 5 potions of curing
 q - 2 potions of berserk rage
 t - 2 potions of flight {unknown}
 v - a potion of ambrosia {unknown}
 x - a potion of haste {unknown}
 z - 2 potions of degeneration {unknown}
 A - 2 potions of heal wounds {unknown}
 E - a potion of attraction {unknown}
 G - a potion of lignification {unknown}


   Skills:
 + Level 7.8 Fighting
 * Level 11.0 Axes
 + Level 5.1 Throwing
 - Level 3.2 Armour
 - Level 3.2 Shields


You had 8 spell levels left.
You didn't know any spells.
Your spell library contained the following spells:

 Spells                   Type           Power      Damage    Failure   Level
 Apportation              Tloc           0%         N/A       77%         1
 Necrotise                Necr           0%         1d4       77%         1
 Summon Small Mammal      Summ           0%         N/A       77%         1
 Ensorcelled Hibernation  Hex/Ice        0%         N/A       88%         2
 Passwall                 Tmut/Erth      0%         N/A       88%         2
 Call Canine Familiar     Summ           0%         N/A       98%         3
 Summon Guardian Golem    Hex/Summ       0%         N/A       98%         3
 Swiftness                Air            0%         N/A       98%         3
 Fulminant Prism          Conj/Hex       0%         3d6       100%        4
 Iskenderun's Mystic Bla  Conj/Tloc      0%         2d3       100%        4
 Lee's Rapid Deconstruct  Erth           0%         3d5*      100%        5


Dungeon Overview and Level Annotations

Branches:
Dungeon (6/15)
 Temple: D:4-7

Altars:
Ashenzari
Trog
Vehumet
Yredelemnul

Shops:
D:1 =   D:3 [   D:6 !


Message History

The necrophage is moderately damaged.
You feel sick.
The orc priest shouts, "Surrender to Beogh and we'll let you live!"
The necrophage hits you.
You feel drained.
You sock the necrophage! You burn the necrophage.
The necrophage is severely damaged.
You feel sick.
The necrophage hits you but does no damage.
You sock the necrophage! You burn the necrophage.
You destroy the necrophage!
You feel sick.
Your Axes skill increases to level 11!
You hit the orc but do no damage.
You feel sick.
The orc priest invokes the aid of Beogh against you.
Beogh smites you! You block the orc's attack.
The orc priest shouts, "Surrender to Beogh and we'll let you live!"
You hit the orc but do no damage.
You feel sick. The orc hits you but does no damage.
You sock the orc! You burn the orc.
You kill the orc!
You feel sick.
You hit the ogre. You burn the ogre.
The ogre is lightly wounded.
You feel sick.
You are no longer poisoned.
The ogre hits you with a +0 giant club!
* * * LOW HITPOINT WARNING * * *
The orc priest shouts, "Surrender to Beogh and we'll let you live!"
You feel better.
The orc priest looks satisfied for a moment.
The ogre barely misses you.
You sock the ogre! You burn the ogre.
The ogre is heavily wounded.
You barely miss the ogre.
The ogre is heavily wounded.
The orc priest mumbles some strange prayers to Beogh against you.
Beogh smites you!
* * * LOW HITPOINT WARNING * * *
The ogre hits you with a +0 giant club!!
You die...

## ####.# #.... #... #..#
#..# #############o.#
#..........@Oo.#
######.#...#..#####....#
........#.#...# o......
#.#.##...∩....# ##.....
#.#.##..#.#...# ....#
#.#.#..#...#..# ##.#...
..........[...####.......#
##..#######.......... ...#
##..###...).#.####.##...


You could see an ogre, an orc priest and an orc.

Vanquished Creatures
  Pikel (D:5)
  2 ice beasts (D:5)
  An ogre (D:6)
  2 centaurs (D:5)
  A lemure (D:5)
  2 phantoms (D:5)
  A necrophage (D:6)
  A scorpion (D:4)
  2 wights (D:6)
  3 hounds
  An orc priest (D:4)
  5 iguanas
  4 orc wizards
  7 gnolls
  13 adders
  A white imp (D:4)
  2 dart slugs
  25 orcs
  8 ball pythons
  10 endoplasms
  5 giant cockroaches
  8 goblins
  6 hobgoblins
  6 jackals
  9 bats
  2 frilled lizards
  7 kobolds
  5 rats
  A spectral orc (D:4)
141 creatures vanquished.

Vanquished Creatures (others)
  2 plants (D:3)
2 creatures vanquished.

Grand Total: 143 creatures vanquished

Notes
Turn   | Place    | Note
-------+----------+-------------------------------------------
     0 | D:1      | LustLizard the Hill Orc Fighter began the quest for the
                  | Orb.
     0 | D:1      | Reached XP level 1. HP: 19/19 MP: 1/1
   194 | D:1      | Reached skill level 3 in Axes
   261 | D:1      | Reached XP level 2. HP: 16/27 MP: 2/2
   835 | D:1      | Found Bysyzell's Jewellery Shop.
   843 | D:1      | Reached XP level 3. HP: 33/33 MP: 3/3
  1162 | D:2      | Reached skill level 1 in Throwing
  1175 | D:2      | Reached skill level 4 in Axes
  1257 | D:2      | Found a broken altar of Ashenzari.
  1340 | D:2      | Reached XP level 4. HP: 40/40 MP: 4/4
  1460 | D:2      | Found a faded altar of an unknown god.
  2003 | D:3      | Found Naiquzuv's Antique Armour Shop.
  2330 | D:3      | Found a radiant altar of Vehumet.
  2594 | D:4      | Reached skill level 5 in Axes
  2602 | D:4      | Reached XP level 5. HP: 37/47 MP: 5/5
  2882 | D:4      | Reached skill level 5 in Fighting
  2882 | D:4      | Reached skill level 6 in Axes
  2882 | D:4      | Reached XP level 6. HP: 52/56 MP: 6/6
  3287 | D:4      | Found a basalt altar of Yredelemnul.
  3431 | D:4      | Found a bloodstained altar of Trog.
  3878 | D:4      | Reached skill level 7 in Axes
  3878 | D:4      | Reached XP level 7. HP: 29/61 MP: 7/7
  4173 | D:5      | Entered Level 5 of the Dungeon
  4322 | D:5      | Reached skill level 8 in Axes
  4536 | D:5      | Reached XP level 8. HP: 68/71 MP: 8/8
  4639 | D:5      | Noticed Pikel
  4649 | D:5      | Killed Pikel
  4650 | D:5      | Reached skill level 9 in Axes
  4736 | D:5      | Reached skill level 10 in Axes
  5391 | D:5      | Identified the +2 mace of Putrescence {flame, Fragile rElec
                  | Int+2}
  5738 | D:6      | Reached XP level 9. HP: 72/79 MP: 9/9
  5773 | D:6      | Found Wyakh's Distillery.
  5799 | D:6      | Bought a potion of berserk rage for 70 gold pieces
  5878 | D:6      | Reached skill level 5 in Throwing
  6321 | D:6      | Reached skill level 11 in Axes
  6327 | D:6      | Demolished by an ogre

Illustrated notes

Levels and vault maps discovered:
D:1:      nzn_arrival_depleted_hourglass, layout_basic, serial_shops, shop
D:2:      layout_rooms, basic_altar, hellmonk_ecumenical_altar_slurped_away,
          minmay_heptomino_h4
D:3:      layout_loops_cross, mainiacjoe_overflow_six_doors_small, serial_shops,
          shop, chequers_decorated_corner, serial_bayou_pond_a,
          corexii_corridor_pit
D:4:      layout_loops_corners, mainiacjoe_overflow_catwalk,
          yredelemnul_forgotten_temple_becter, st_stairs_9,
          minmay_joined_circles
D:5:      layout_layer_cave, uniq_pikel
D:6:      layout_basic, minmay_temple_entry_junction, serial_shops,
          nicolae_shop_advertising_works [nicolae_subvault_shop_adworks],
          kennysheep_generic_room_7

Skill      XL: |  1  2  3  4  5  6  7  8  9 |
---------------+----------------------------+-----
Axes           | 3 4 5 6 7 8 10 11 | 11.0
Fighting       | 4 5 6 7 |  7.8
Throwing       | 1 2 3 4 5 |  5.1
Armour         | |  3.2
Shields        | |  3.2

Action                   |  1- 3 |  4- 6 |  7- 9 || total
-------------------------+-------+-------+-------++-------
Melee: War axe           |    90 |   195 |   123 ||   408
       Mace              |       |       |    62 ||    62
Throw: Javelin           |       |     1 |       ||     1
       Stone             |       |    10 |    34 ||    44
       Boomerang         |       |       |     5 ||     5
       Throwing net      |       |       |     1 ||     1
Evoke: Wand              |       |     1 |       ||     1
  Use: Scroll            |     1 |       |       ||     1
       Potion            |       |       |     2 ||     2
Armor: Scale mail        |    42 |   107 |    60 ||   209
Dodge: Dodged            |    61 |    56 |    55 ||   172
Block: Buckler           |    24 |    93 |    87 ||   204
       Reflection        |       |     4 |     6 ||    10
